 Dungeon Crawl Stone Soup version 0.30.1-11-g7821555f0a (webtiles) character file.

Game seed: 7675722104698522755

215 Groucho the Shooter (level 5, -2/28 HPs)
             Began as a Spriggan Hunter on Nov 21, 2023.
             Slain by a black bear (8 damage)
             ... on level 4 of the Dungeon.
             The game lasted 00:03:15 (2336 turns).

Groucho the Shooter (Spriggan Hunter)               Turns: 2336, Time: 00:03:17

Health: -2/28      AC:  3    Str:  7    XL:     5   Next: 60%
Magic:  6/6        EV: 19    Int: 13    God:
Gold:   146        SH:  0    Dex: 18    Spells: 4/4 levels left

rFire   . . .        a - +0 shortbow
rCold   . . .        (shield currently unavailable)
rNeg    . . .        c - +0 robe
rPois   +            (helmet restricted)
rElec   .            h - +0 cloak
rCorr   +            (gloves unavailable)
SInv    +            (boots unavailable)
Will    .....        (no amulet)
Stlth   +++          g - ring of resist corrosion
HPRegen 0.24/turn    s - ring of poison resistance
MPRegen 0.10/turn

%: no passive effects
@: very quick
A: very small, no large weapons, unfitting armour, see invisible, speed 3
a: no special abilities


You were on level 4 of the Dungeon.
You visited 1 branch of the dungeon, and saw 4 of its levels.

You collected 146 gold pieces.

Inventory:

Hand Weapons
 a - a +0 shortbow (weapon)
 n - a +4 dagger
 o - a +1 sling of freezing
 p - a +0 dagger
 r - a +2 dagger of speed
Missiles
 w - a throwing net
Armour
 c - a +0 robe (worn)
 h - a +0 cloak (worn)
Jewellery
 g - a ring of resist corrosion (left hand)
 s - a ring of poison resistance (right hand)
 x - an amulet of regeneration
Wands
 m - a wand of polymorph (6)
Scrolls
 b - 2 scrolls of immolation
 d - 7 scrolls of identify {unknown}
 e - 2 scrolls of blinking {unknown}
 f - 2 scrolls of torment {unknown}
 j - a scroll of enchant armour {unknown}
 k - a scroll of fog {unknown}
 q - 3 scrolls of amnesia {unknown}
 u - a scroll of enchant weapon {unknown}
 y - a scroll of magic mapping {unknown}
 A - 3 scrolls of vulnerability {unknown}
Potions
 i - a potion of attraction {unknown}
 l - 2 potions of curing {unknown}
 t - a potion of mutation {unknown}
 v - a potion of haste {unknown}
 z - 2 potions of brilliance {unknown}
 B - a potion of lignification {unknown}
 C - a potion of cancellation {unknown}


   Skills:
 + Level 2.8 Fighting
 + Level 4.9 Ranged Weapons
 + Level 4.4 Dodging
 + Level 4.5 Stealth


You had 4 spell levels left.
You didn't know any spells.
Your spell library contained the following spells:

 Spells                   Type           Power      Damage    Failure   Level
 Scorch                   Fire           0%         2d5       43%         2
 Flame Wave               Conj/Fire      0%         2d4       97%         4
 Summon Cactus Giant      Summ           0%         N/A       100%        6


Dungeon Overview and Level Annotations

Branches:
Dungeon (4/15)
 Temple: D:4-7

Altars:
Trog

Annotations:
D:2 Sigmund


Innate Abilities, Weirdness & Mutations

You are very small and have problems with some larger weapons.
You are too small for most types of armour.
You have supernaturally acute eyesight. (SInv)
You cover ground extremely quickly. (Speed+++)


Message History

You shoot an arrow. The arrow closely misses the orc.
You shoot an arrow. The arrow hits the orc!
You kill the orc!
No target in view!
No target in view!
You now have 115 gold pieces (gained 10).
You now have 127 gold pieces (gained 12).
You now have 140 gold pieces (gained 13).
C - a fizzy cyan potion
b - 2 scrolls of immolation (gained 1)
You now have 146 gold pieces (gained 6).
A worm and an adder come into view.
There are monsters nearby!
You shoot an arrow. The arrow hits the worm.
The worm is moderately wounded.
You shoot an arrow. The arrow hits the worm!
The worm is severely wounded.
A black bear comes into view.
You shoot an arrow. The arrow barely misses the worm.
You shoot an arrow. The arrow barely misses the worm.
You shoot an arrow. The arrow hits the worm!
The worm is almost dead.
You shoot an arrow. The arrow hits the black bear!
The black bear is moderately wounded.
You shoot an arrow.
The arrow closely misses the black bear.
You shoot an arrow. The arrow hits the black bear!
The black bear is severely wounded.
The black bear goes berserk!
You shoot an arrow.
The arrow closely misses the black bear.
The arrow hits the worm!
You kill the worm!
You shoot an arrow.
The arrow hits the black bear but does no damage.
The black bear is severely wounded.
The black bear bites you! The black bear claws you. x2
* * * LOW HITPOINT WARNING * * *
The black bear bites you!
You die...

# #....# #.......#.#####
####.###.....[...#
#.#####......#.##.###
#..............##)#.####
########....#####....=.###
##.#.####.........#
#............##.#.#
#...#####.#..##.#.# #.@.#
#.#......<. #.h.#
#.#.##..#.#
######...#####.......#.#
#.............##.......#
......................>.
#.............##...).#.#
####.#...#.###.......#.#
#.#...#.# #.#..#..#.#
#.#...#.# #.#.....# #


You could see a black bear (berserk).

Vanquished Creatures
  A water moccasin (D:4)
  Robin (D:2)
  An adder (D:3)
  4 worms
  3 dart slugs
  2 orcs (D:4)
  2 endoplasms (D:3)
  3 giant cockroaches
  18 goblins
  7 hobgoblins
  2 quokkas
  4 ball pythons
  5 bats
  2 frilled lizards
  4 kobolds
  9 rats
68 creatures vanquished.

Notes
Turn   | Place    | Note
-------+----------+-------------------------------------------
     0 | D:1      | Groucho the Spriggan Hunter began the quest for the Orb.
     0 | D:1      | Reached XP level 1. HP: 10/10 MP: 2/2
    98 | D:1      | Reached XP level 2. HP: 15/15 MP: 3/3
   282 | D:1      | Found a faded altar of an unknown god.
   416 | D:1      | Reached XP level 3. HP: 18/18 MP: 4/4
   833 | D:2      | Identified the +1 ring mail "Isexteuw" {rElec rF+ Will+}
   975 | D:2      | Identified the +1 helmet of the Cockroach {Harm rPois
                  | Str+3}
   975 | D:2      | Noticed Robin
   987 | D:2      | Killed Robin
  1098 | D:2      | Noticed Sigmund
  1287 | D:3      | Reached XP level 4. HP: 23/23 MP: 5/5
  1405 | D:3      | Found a bloodstained altar of Trog.
  2116 | D:4      | Noticed a water moccasin
  2137 | D:4      | Killed a water moccasin
  2138 | D:4      | Reached XP level 5. HP: 27/27 MP: 6/6
  2319 | D:4      | Noticed a black bear
  2336 | D:4      | Slain by a black bear

Illustrated notes

Levels and vault maps discovered:
D:1:      elethiomel_arrival_diamonds, layout_loops_ring,
          ebering_ecumenical_altar_sacrificial, minmay_misc_feat_rows
D:2:      layout_loops_ring, uniq_robin, uniq_sigmund
D:3:      layout_basic, mainiacjoe_overflow_tiny_flanked
D:4:      layout_loops_cross, uniq_crazy_yiuf_cottage, uniq_edmund

Skill      XL: |  1  2  3  4 |
---------------+-------------+-----
Stealth        | 2 3 4 |  4.5
Dodging        | 3 4 |  4.4
Fighting       | 2 |  2.8
Ranged Weapons | |  4.9

Action                     |  1- 3 |  4- 6 || total
---------------------------+-------+-------++-------
   Fire: Shortbow          |   123 |    70 ||   193
    Use: Potion            |       |     3 ||     3
 Armour: Robe              |    12 |     3 ||    15
  Dodge: Dodged            |    53 |    20 ||    73
